 Dungeon Crawl Stone Soup version 0.29-a0-330-g52719c12eb (webtiles) character file.

Game seed: 13774238194115050929

3571 kae the Arsonist (level 9, -5/74 HPs)
             Began as a Demigod Fire Elementalist on May 30, 2022.
             Succumbed to a killer bee's poison
             ... on level 9 of the Dungeon.
             The game lasted 00:07:10 (13515 turns).

kae the Arsonist (Demigod Fire Elementalist)       Turns: 13515, Time: 00:07:11

Health: -5/74      AC:  4    Str:  9    XL:     9   Next: 54%
Magic:  10/20      EV: 12    Int: 29    God:
Gold:   535        SH:  0    Dex: 14    Spells: 1/18 levels left

rFire   + . .      SeeInvis .   p - staff of conjuration
rCold   + . .      Faith    .   (no shield)
rNeg    . . .      Spirit   .   k - +0 robe {rF+}
rPois   .          Reflect  .   b - +1 hat
rElec   .          Harm     .   (no cloak)
rCorr   .          Rampage  .   c - +0 pair of gloves
Will    ++...                   (no boots)
Stlth   ++........              v - amulet of magic regeneration
HPRegen 0.22/turn               f - ring of willpower
MPRegen 0.57/turn               n - ring of willpower

@: lethally poisoned (-5 -> -32), very slightly contaminated
A: high MP 1, forlorn, divine attributes, cold resistance 1, wild magic 1
a: no special abilities


You were on level 9 of the Dungeon.
You visited 1 branch of the dungeon, and saw 9 of its levels.

You collected 535 gold pieces.

Inventory:

Armour
 a - a +1 robe
 b - a +1 hat (worn)
 c - a +0 pair of gloves (worn)
 k - a +0 robe of fire resistance (worn)
Magical Staves
 p - a staff of conjuration (weapon)
Jewellery
 f - a ring of willpower (left hand)
 l - a +4 ring of slaying
 n - a ring of willpower (right hand)
 q - an amulet of the acrobat
 v - an amulet of magic regeneration (around neck)
 B - a +6 ring of strength
Wands
 g - a wand of iceblast (42)
 j - a wand of flame (24)
 m - a wand of digging (7)
 s - a wand of charming (4)
Scrolls
 d - 2 scrolls of noise
 i - a scroll of fog
 o - 2 scrolls of enchant weapon
 r - 3 scrolls of teleportation
 y - 2 scrolls of identify
 A - a scroll of amnesia
Potions
 e - 4 potions of might
 h - a potion of magic
 t - a potion of cancellation
 w - a potion of attraction
 x - 2 potions of flight
 z - a potion of resistance


   Skills:
 + Level 5.0 Fighting
 - Level 1.7 Dodging
 - Level 1.7 Stealth
 + Level 5.0 Spellcasting
 * Level 7.5 Conjurations
 * Level 8.1 Fire Magic


You had one spell level left.
You knew the following spells:

 Your Spells              Type           Power      Damage    Failure   Level
a - Foxfire               Conj/Fire      100%       2x1d9     1%          1
b - Scorch                Fire           100%       2d10      1%          2
c - Conjure Flame         Conj/Fire      80%        6-21      1%          3
d - Inner Flame           Hex/Fire       40%        N/A       6%          3
e - Flame Wave            Conj/Fire      80%        2d14      4%          4
f - Sticky Flame          Conj/Fire      80%        2d9       4%          4

Your spell library contained the following spells:

 Spells                   Type           Power      Damage    Failure   Level
 Beastly Appendage        Tmut           18%        N/A       10%         1
 Pain                     Necr           36%        1d5       10%         1
 Dazzling Flash           Conj/Hex       100%       N/A       7%          3
 Ignite Poison            Fire/Tmut/Pois 29%        N/A       10%         3
 Ensorcelled Hibernation  Hex/Ice        18%        N/A       14%         2
 Wereblood                Tmut           9%         N/A       14%         2
 Call Canine Familiar     Summ           9%         N/A       26%         3
 Ozocubu's Armour         Ice            9%         N/A       26%         3
 Portal Projectile        Hex/Tloc       18%        N/A       26%         3
 Spider Form              Tmut/Pois      9%         N/A       26%         3
 Anguish                  Hex/Necr       4%         N/A       61%         4
 Animate Dead             Necr           4%         N/A       61%         4
 Leda's Liquefaction      Hex/Erth       4%         N/A       61%         4
 Agony                    Necr           9%         N/A       90%         5
 Blade Hands              Tmut           4%         N/A       90%         5
 Excruciating Wounds      Necr           4%         N/A       90%         5
 Metabolic Englaciation   Hex/Ice        4%         N/A       90%         5
 Silence                  Hex/Air        4%         N/A       90%         5
 Simulacrum               Ice/Necr       4%         N/A       100%        6
 Haunt                    Necr/Summ      4%         N/A       100%        7
 Infestation              Necr           4%         N/A       100%        8


Dungeon Overview and Level Annotations

Branches:
Dungeon (9/15)             Temple (0/1) D:5
   Lair: D:8-11         Orc: D:9-12

Shops:
D:4 *

Annotations:
D:7 2 runed translucent doors, exclusion: orange crystal statue


Innate Abilities, Weirdness & Mutations

You have an increased reservoir of magic. (+10% MP)
You shall have no god before yourself.
Your divine heritage dramatically boosts your attributes as you level up.
Your flesh is cold resistant. (rC+)
Your spells are a little harder to cast, but a little more powerful.


Message History

The killer bee stings you but does no damage.
The bullfrog closely misses you. The killer bee barely misses you. x2
The killer bee stings you.
Casting: Flame Wave (dangerous; 4% risk of failure)
Confirm with . or Enter, or press ? or * to list all spells.
Casting: Flame Wave (dangerous; 4% risk of failure)
Press: ? - help, Dir - look around, f - activate You feel a surge of power!
You miscast Flame Wave.
Nothing appears to happen.
You feel very sick. The killer bee stings you.
* * * LOW HITPOINT WARNING * * *
The killer bee stings you.
* * * LOW HITPOINT WARNING * * *
You are lethally poisoned!
The killer bee poisons you! The killer bee stings you.
* * * LOW HITPOINT WARNING * * *
The bullfrog barely misses you. The killer bee stings you.
* * * LOW HITPOINT WARNING * * *
The killer bee stings you.
* * * LOW HITPOINT WARNING * * *
The killer bee stings you.
* * * LOW HITPOINT WARNING * * *
Okay, then.
Casting: Flame Wave (dangerous; 4% risk of failure)
Confirm with . or Enter, or press ? or * to list all spells.
Casting: Flame Wave (dangerous; 4% risk of failure)
Press: ? - help, Dir - look around, f - activate You feel a surge of power!
A wave of flame ripples out!
The flame wave engulfs the bullfrog!!
The bullfrog is almost dead.
The flame wave engulfs the killer bee!
The killer bee is heavily wounded.
The flame wave engulfs the killer bee!
You kill the killer bee!
The flame wave engulfs the killer bee!
You kill the killer bee!
The flame wave engulfs the plant.
The plant begins to die.
The plant is lightly damaged. (Press . to intensify the flame waves.)
You die...

........................
........................
#.......#..............
#.......#.....#........
##.......#.....#........
.........#.....#........
.........#######........
.P....F..# #........
.......@.# #........


PPP.P.y.P# #........ .....P.P.# #........ ..P.P..... .####P..... #..PP...
#P.PP..## #PP..... You could see a bullfrog and a killer bee.

Vanquished Creatures
  Sigmund (D:4)
  2 wyverns
  3 yaks (D:7)
  A steam dragon (D:8)
  A water moccasin (D:5)
  Duvessa (D:7)
  2 orc warriors
  A sky beast (D:5)
  2 black bears
  An ice beast (D:5)
  3 centaurs
  2 kobold brigands
  A phantom (D:5)
  2 necrophages
  2 bullfrogs
  2 scorpions (D:6)
  Dowan (D:7)
  2 jellies
  2 killer bees (D:9)
  2 howler monkeys
  2 orc priests
  A gnoll shaman (D:7)
  3 hounds
  5 iguanas
  5 orc wizards
  Robin (D:2)
  9 gnolls
  9 adders
  3 shadow imps
  2 white imps
  An ufetubus (D:7)
  6 dart slugs
  26 orcs
  6 ball pythons
  2 bats (D:3)
  5 endoplasms
  2 giant cockroaches
  8 goblins
  9 hobgoblins
  3 jackals (D:5)
  3 quokkas
  3 frilled lizards
  19 kobolds
  5 rats (D:1)
172 creatures vanquished.

Vanquished Creatures (others)
  An orc wizard (D:6)
  537 foxfires
  A fungus (D:9)
  A plant (D:9)
540 creatures vanquished.

Grand Total: 712 creatures vanquished

Notes
Turn   | Place    | Note
-------+----------+-------------------------------------------
     0 | D:1      | kae the Demigod Fire Elementalist began the quest for the
                  | Orb.
     0 | D:1      | Reached XP level 1. HP: 14/14 MP: 5/5
    44 | D:1      | Reached skill level 1 in Conjurations
   475 | D:1      | Reached XP level 2. HP: 22/22 MP: 5/7
   765 | D:1      | Learned a level 2 spell: Scorch
   811 | D:1      | Reached skill level 3 in Fire Magic
  1563 | D:2      | Reached XP level 3. HP: 27/27 MP: 1/8
  1662 | D:2      | Reached skill level 1 in Fighting
  1976 | D:2      | Noticed Robin
  2209 | D:2      | Killed Robin
  2444 | D:3      | Reached XP level 4. HP: 35/35 MP: 3/10
  3289 | D:3      | Reached XP level 5. HP: 40/40 MP: 8/11
  3420 | D:4      | Found Juanahim's Overcharged Wands.
  3822 | D:4      | Noticed an orc warrior
  3877 | D:4      | Gained mutation: Your spells are a little harder to cast,
                  | but a little more powerful. [potion of mutation]
  3877 | D:4      | Gained mutation: Your flesh is cold resistant. (rC+)
                  | [potion of mutation]
  3891 | D:4      | Killed an orc warrior
  3892 | D:4      | Reached skill level 4 in Fire Magic
  4283 | D:4      | Reached XP level 6. HP: 48/48 MP: 7/13
  4583 | D:4      | Noticed Sigmund
  4600 | D:4      | HP: 2/48 [something (8)]
  4602 | D:4      | Killed Sigmund
  5098 | D:5      | Entered Level 5 of the Dungeon
  5114 | D:5      | Noticed a water moccasin
  5123 | D:5      | Killed a water moccasin
  5124 | D:5      | Reached XP level 7. HP: 45/56 MP: 9/14
  5127 | D:5      | Reached skill level 5 in Fire Magic
  5937 | D:5      | Found a staircase to the Ecumenical Temple.
  6123 | D:5      | Reached skill level 5 in Conjurations
  6517 | D:6      | Noticed a wyvern
  6520 | D:6      | Reached XP level 8. HP: 28/63 MP: 8/16
  6984 | D:6      | Learned a level 3 spell: Conjure Flame
  6988 | D:6      | Learned a level 3 spell: Inner Flame
  6993 | D:6      | Learned a level 4 spell: Flame Wave
  6996 | D:6      | Reached skill level 6 in Fire Magic
  8726 | D:7      | Reached skill level 7 in Fire Magic
  8823 | D:7      | Noticed Dowan
  8843 | D:7      | Killed Dowan
  9332 | D:7      | Reached XP level 9. HP: 72/72 MP: 12/19
  9343 | D:7      | Noticed Duvessa
  9728 | D:7      | Found a runed translucent door.
  9764 | D:7      | Found a runed translucent door.
  9769 | D:7      | Found the +10 tower shield of Ignorance {rN+ Int-4}
  9772 | D:7      | Noticed an orange crystal statue
 10169 | D:7      | Found a runed translucent door.
 10454 | D:7      | Killed Duvessa
 10878 | D:7      | Found a runed translucent door.
 11507 | D:8      | Identified the -5 pair of boots of the Original Sin {-Cast
                  | Rampage Fly Slay+5}
 11658 | D:8      | Reached skill level 5 in Spellcasting
 12074 | D:8      | Reached skill level 5 in Fighting
 12074 | D:8      | Reached skill level 8 in Fire Magic
 12079 | D:8      | Learned a level 4 spell: Sticky Flame
 12787 | D:9      | Noticed a two-headed ogre
 13514 | D:9      | HP: 3/74 [killer bee (6)]
 13514 | D:9      | HP: 1/74 [killer bee (2)]
 13515 | D:9      | Succumbed to a killer bee's poison

Illustrated notes

Levels and vault maps discovered:
D:1:      lemuel_arrival_cross, layout_basic,
          dreamdust_ecumenical_altar_angels_and_demons
D:2:      minmay_angry_zag, layout_loops_ring, uniq_robin
D:3:      layout_basic
D:4:      layout_loops_corners, chequers_avenue, nicolae_shop_overcharged_wands,
          uniq_sigmund
D:5:      layout_basic, temple_pool_b, st_stairs_11,
          dreamdust_princess_corridor, kennysheep_boxes
D:6:      layout_rooms
D:7:      layout_loops_corners, hangedman_abyss_or_decor_jellyfish_corner,
          chequers_guarded_unrand_ignorance, uniq_duvessa
D:8:      layout_loops_corners
D:9:      layout_grid_maze, grunt_lair_entry_orc_guard_hut

Skill      XL: |  1  2  3  4  5  6  7  8  9 |
---------------+----------------------------+-----
Conjurations   | 1 2 3 4 5 6 7 |  7.5
Fire Magic     | 3 4 5 7 8 |  8.1
Spellcasting   | 2 3 4 5 |  5.0
Fighting       | 1 2 3 4 5 |  5.0
Dodging        | |  1.7
Stealth        | |  1.7

Action                   |  1- 3 |  4- 6 |  7- 9 || total
-------------------------+-------+-------+-------++-------
Melee: Unarmed           |    15 |       |       ||    15
       Punch             |     1 |       |       ||     1
       Staff             |       |       |    13 ||    13
 Cast: Foxfire           |    84 |    60 |   189 ||   333
       Scorch            |     8 |    24 |    63 ||    95
       Conjure Flame     |       |       |     8 ||     8
       Inner Flame       |       |       |     1 ||     1
       Flame Wave        |       |       |     2 ||     2
  Use: Scroll            |     6 |     4 |     6 ||    16
       Potion            |     1 |     9 |       ||    10
Armor: Skin              |     6 |       |       ||     6
       Robe              |     3 |     6 |    37 ||    46
Dodge: Dodged            |    26 |    32 |   101 ||   159

Table legend: (Time is in decaauts)
 A = Elapsed time spent in this place.
 B = Non-inter-level travel time spent in this place.
 C = Inter-level travel time spent in this place.
 D = Time resting spent in this place.
 E = Time spent auto-exploring this place.
 F = Levels seen in this place.
 G = Mean time per level.
                   A        B        C        D        E       F      G
               +--------+--------+--------+--------+--------+-----+--------+
         Total |  13525 |  13125 |    400 |   1563 |   9954 |   9 | 1502.8 |
       Dungeon |  13525 |  13125 |    400 |   1563 |   9954 |   9 | 1502.8 |
               +--------+--------+--------+--------+--------+-----+--------+

Top non-repeatable levels by time:
     D:7: 3239 daAuts
     D:8: 1930 daAuts
     D:4: 1725 daAuts
     D:5: 1656 daAuts
     D:2: 1567 daAuts
     D:1: 1224 daAuts
     D:6: 1042 daAuts
     D:3: 619 daAuts
     D:9: 519 daAuts
